 Dungeon Crawl Stone Soup version 0.29-a0-1065-g47a6bb87d6 (webtiles) character file.

Game seed: 10141395380041563107

3376 porpoise the Spear-Bearer (level 9, -8/72 HPs)
             Began as a Demonspawn Gladiator on Aug 19, 2022.
             Was a Believer of Dithmenos.
             Mangled by a komodo dragon (26 damage)
             ... on level 8 of the Dungeon.
             The game lasted 00:28:12 (11614 turns).

porpoise the Spear-Bearer (Demonspawn Gladiator)   Turns: 11614, Time: 00:28:12

Health: -8/72      AC: 14    Str: 18    XL:     9   Next: 74%
Magic:  9/9        EV:  6    Int: 11    God:    Dithmenos [**....]
Gold:   184        SH:  0    Dex: 14    Spells: 3/8 levels left

rFire   + . .      SeeInvis +   a - +0 trident
rCold   + . .      Faith    .   (no shield)
rNeg    . . .      Spirit   .   z - +1 plate armour {rF+}
rPois   .          Reflect  .   (helmet restricted)
rElec   .          Harm     .   x - +0 cloak
rCorr   .          Rampage  .   (no gloves)
Will    .....                   (no boots)
Stlth   ..........              (no amulet)
HPRegen 0.22/turn               h - ring of see invisible
MPRegen 0.11/turn               y - ring of protection from cold

@: about to teleport, wreathed by umbra
A: hooves 2, horns 1, foul stench 2
a: Renounce Religion, Shadow Step


You were on level 8 of the Dungeon.
You worshipped Dithmenos.
Dithmenos was pleased with you.
You visited 1 branch of the dungeon, and saw 8 of its levels.

You collected 379 gold pieces.
You spent 195 gold pieces at shops.

Inventory:

Hand Weapons
 a - a +0 trident (weapon)
 b - a +1 sling of flaming
Missiles
 d - 3 throwing nets (quivered)
 e - 6 javelins
 B - 15 poisoned darts
 H - 5 boomerangs
Armour
 q - a +1 ring mail
 x - a +0 cloak (worn)
 z - a +1 plate armour of fire resistance (worn)
 G - a +1 chain mail of cold resistance
Jewellery
 f - a ring of flight
 h - a ring of see invisible (left hand)
 o - a ring of wizardry
 y - a ring of protection from cold (right hand)
 F - a ring of ice
 J - a +6 ring of dexterity
Wands
 n - a wand of roots (6)
 C - a wand of polymorph (5)
Scrolls
 g - 4 scrolls of teleportation
 i - 2 scrolls of enchant armour
 l - 2 scrolls of amnesia
 m - 2 scrolls of poison
 p - 2 scrolls of enchant weapon
 r - 3 scrolls of blinking
 v - 4 scrolls of vulnerability
 w - 2 scrolls of immolation
 A - a scroll of identify
 E - a scroll of brand weapon
Potions
 c - a potion of haste
 j - 3 potions of attraction
 k - a potion of brilliance
 s - a potion of flight
 t - a potion of lignification
 u - 2 potions of heal wounds
 D - 2 potions of magic
 I - 2 potions of resistance


   Skills:
 - Level 7.0 Fighting
 - Level 8.0 Polearms
 - Level 1.7 Throwing
 + Level 4.9 Armour
 + Level 3.5 Dodging
 + Level 5.9 Unarmed Combat


You had 3 spell levels left.
You knew the following spells:

 Your Spells              Type           Power      Damage    Failure   Level
f - Swiftness             Air            0%         N/A       100%        3
w - Wereblood             Tmut           0%         N/A       100%        2

Your spell library contained the following spells:

 Spells                   Type           Power      Damage    Failure   Level
 Beastly Appendage        Tmut           0%         N/A       100%        1
 Necrotise                Necr           0%         1d4       100%        1
 Ensorcelled Hibernation  Hex/Ice        0%         N/A       100%        2
 Passwall                 Tmut/Erth      0%         N/A       100%        2
 Spider Form              Tmut/Pois      0%         N/A       100%        3
 Vampiric Draining        Necr           0%         2d6       100%        3
 Agony                    Necr           0%         N/A       100%        5


Dungeon Overview and Level Annotations

Branches:
Dungeon (8/15)             Temple (0/1) D:6
   Lair: D:8-11

Altars:
Cheibriados
Dithmenos
Fedhas
Nemelex Xobeh
Okawaru
Qazlal
Vehumet
Xom

Shops:
D:1 =   D:3 [   D:7 =

Annotations:
D:3 exclusion: statue, Sigmund


Innate Abilities, Weirdness & Mutations

You have hoof-like feet.
You have a pair of small horns on your head.
You sometimes emit foul miasma when damaged in melee.


Message History

b - a +1 sling of flaming (weapon)
The komodo dragon hisses angrily.
You shoot a sling bullet.
The sling bullet hits the komodo dragon but does no damage.
You shoot a sling bullet.
The sling bullet hits the komodo dragon.
The sling bullet burns the komodo dragon.
The komodo dragon is lightly wounded.
You shoot a sling bullet.
The sling bullet hits the komodo dragon.
The sling bullet burns the komodo dragon.
The komodo dragon is lightly wounded.
Your +1 sling of flaming stops flaming.
a - a +0 trident (weapon)
An orc warrior comes into view. It is wielding a +0 long sword.
The komodo dragon bites you!!
You are too injured to fight recklessly!
You are too injured to fight recklessly!
You are too injured to fight recklessly!
The orc warrior shouts!
You hit the komodo dragon.
You headbutt the komodo dragon, but do no damage.
The komodo dragon is lightly wounded.
The komodo dragon bites you.
* * * LOW HITPOINT WARNING * * *
As you read the scroll of teleportation, it crumbles to dust.
You feel strangely unstable. The komodo dragon bites you.
* * * LOW HITPOINT WARNING * * *
You hit the komodo dragon. You kick the komodo dragon.
You headbutt the komodo dragon.
The komodo dragon is moderately wounded.
You hit the komodo dragon but do no damage.
The komodo dragon is moderately wounded.
The komodo dragon barely misses you.
You hit the komodo dragon.
You kick the komodo dragon, but do no damage.
You headbutt the komodo dragon!
The komodo dragon is heavily wounded.
The komodo dragon bites you!!
You die...

#...######.
#..........
##.........
#..##..##.
#..######.
##..#...#..
########...'...#..
#..........##.>#..
#@###########..#..
###l# #...##.
#.o.# #...###
##.### #......
#..# #...... #.##
#+##### ..y.y...#
F.y.##.## P! #.


You could see a komodo dragon and an orc warrior.

Vanquished Creatures
  Prince Ribbit (D:6)
  Eustachio (D:5)
  2 water moccasins
  An orc warrior (D:6)
  An ice beast (D:8)
  4 black bears
  2 sky beasts (D:7)
  2 ogres
  A centaur (D:5)
  A kobold brigand (D:6)
  2 phantoms
  3 scorpions
  A bullfrog (D:6)
  5 killer bees (D:8)
  5 howler monkeys
  A gnoll bouda (D:7)
  4 hounds
  An orc priest (D:7)
  Crazy Yiuf (D:6)
  3 jellies (D:6)
  4 iguanas
  9 orc wizards
  14 gnolls
  7 adders
  A shadow imp (D:5)
  A white imp (D:8)
  3 worms (D:2)
  4 dart slugs
  41 orcs
  5 ball pythons
  6 bats
  9 endoplasms
  8 giant cockroaches
  8 goblins
  10 hobgoblins
  2 jackals (D:2)
  10 kobolds
  2 quokkas (D:1)
  4 frilled lizards
  5 rats
195 creatures vanquished.

Vanquished Creatures (others)
  2 demonic plants (D:2)
  48 fungi
  74 plants
124 creatures vanquished.

Grand Total: 319 creatures vanquished

Notes
Turn   | Place    | Note
-------+----------+-------------------------------------------
     0 | D:1      | porpoise the Demonspawn Gladiator began the quest for the
                  | Orb.
     0 | D:1      | Reached XP level 1. HP: 16/16 MP: 1/1
   113 | D:1      | Reached skill level 3 in Polearms
   132 | D:1      | Discovered your monstrous ancestry.
   132 | D:1      | Gained mutation: You have a pair of small horns on your
                  | head. [demonic ancestry]
   132 | D:1      | Reached XP level 2. HP: 22/22 MP: 2/2
   139 | D:1      | Found Yjuanuge's Jewellery Shop.
   407 | D:1      | Gained mutation: You have large cloven feet. [demonic
                  | ancestry]
   407 | D:1      | Reached XP level 3. HP: 16/28 MP: 3/3
  1361 | D:2      | Reached skill level 4 in Polearms
  1361 | D:2      | Reached XP level 4. HP: 34/34 MP: 4/4
  2045 | D:2      | Found a faded altar of an unknown god.
  2623 | D:3      | Noticed Sigmund
  2844 | D:4      | Reached XP level 5. HP: 41/41 MP: 5/5
  2944 | D:4      | Reached skill level 5 in Polearms
  3537 | D:3      | Gained mutation: You may rarely emit foul miasma when
                  | damaged in melee. [demonic ancestry]
  3537 | D:3      | Reached XP level 6. HP: 45/48 MP: 6/6
  3597 | D:3      | Found a radiant altar of Vehumet.
  3834 | D:3      | Found Edenaf's Antique Armour Boutique.
  4818 | D:4      | Reached skill level 6 in Polearms
  5239 | D:4      | Learned a level 2 spell: Wereblood
  5243 | D:4      | Learned a level 3 spell: Swiftness
  5309 | D:4      | Found a shimmering altar of Xom.
  5313 | D:4      | Found a snail-covered altar of Cheibriados.
  5313 | D:4      | Found a shadowy altar of Dithmenos.
  5313 | D:4      | Found a sparkling altar of Nemelex Xobeh.
  5324 | D:4      | Gained mutation: You sometimes emit foul miasma when
                  | damaged in melee. [demonic ancestry]
  5324 | D:4      | Reached XP level 7. HP: 49/55 MP: 7/7
  5558 | D:4      | Found an iron altar of Okawaru.
  5564 | D:4      | Found a stormy altar of Qazlal.
  5583 | D:4      | Became a worshipper of Dithmenos the Shadowed
  5741 | D:5      | Entered Level 5 of the Dungeon
  6112 | D:4      | Reached skill level 5 in Fighting
  6221 | D:5      | Reached skill level 7 in Polearms
  6527 | D:5      | Reached XP level 8. HP: 46/63 MP: 8/8
  6795 | D:5      | Noticed Eustachio
  6814 | D:5      | Killed Eustachio
  6815 | D:5      | Reached skill level 8 in Polearms
  7019 | D:5      | Reached skill level 1 in Unarmed Combat
  7056 | D:5      | Found a blossoming altar of Fedhas.
  7547 | D:5      | Reached * piety under Dithmenos
  7886 | D:6      | Reached skill level 1 in Armour
  8165 | D:6      | Found a staircase to the Ecumenical Temple.
  8310 | D:6      | Gained mutation: You have hoof-like feet. [demonic
                  | ancestry]
  8310 | D:6      | Reached XP level 9. HP: 46/72 MP: 9/9
  8546 | D:6      | Noticed Prince Ribbit
  8562 | D:6      | Killed Prince Ribbit
  8849 | D:6      | Found a runed translucent door.
  8850 | D:6      | Noticed Crazy Yiuf
  8858 | D:6      | Killed Crazy Yiuf
 10163 | D:7      | Found Buad's Jewellery Shoppe.
 10189 | D:7      | Bought a ring of see invisible for 195 gold pieces
 10199 | D:7      | Reached skill level 5 in Unarmed Combat
 11024 | D:7      | Reached ** piety under Dithmenos
 11604 | D:8      | Noticed a komodo dragon
 11614 | D:8      | Mangled by a komodo dragon

Illustrated notes

Levels and vault maps discovered:
D:1:      lemuel_arrival_tunnels, layout_rooms, serial_shops, shop_fountains,
          nicolae_concentric_dashed_squares_mild
D:2:      layout_loops_ring, dreamdust_ecumenical_altar_sealed_demon,
          minmay_distorted
D:3:      layout_loops_ring, vehumet_statue, serial_shops, shop_statue,
          kennysheep_cross_room, grunt_ministairs_11, grunt_decor_resistance,
          uniq_sigmund
D:4:      layout_cave_pools, minmay_overflow_temple_hex, minmay_pentangle
D:5:      layout_rooms, fedhas_altar_4, serial_bayou_lake_a, uniq_eustachio
D:6:      layout_basic, temple_green, uniq_prince_ribbit1,
          uniq_crazy_yiuf_cottage
D:7:      layout_rooms, tso_metal_star, nicolae_stop_n_shop_2,
          grunt_ministairs_13
D:8:      layout_gridville, due_lair_maze_entry_diamond, grunt_potential

Skill      XL: |  1  2  3  4  5  6  7  8  9 |
---------------+----------------------------+-----
Polearms       | 3 4 5 6 7 8 |  8.0
Fighting       | 3 4 5 7 |  7.0
Unarmed Combat | 3 5 |  5.9
Armour         | 2 4 |  4.9
Dodging        | 3 |  3.5
Throwing       | |  1.7

Action                   |  1- 3 |  4- 6 |  7- 9 || total
-------------------------+-------+-------+-------++-------
Melee: Trident           |   113 |   223 |   328 ||   664
       Headbutt          |    12 |    29 |    48 ||    89
       Kick              |     3 |    34 |    83 ||   120
       Punch             |     1 |     1 |     6 ||     8
 Fire: Sling             |       |     2 |    46 ||    48
Throw: Throwing net      |       |       |     1 ||     1
  Use: Scroll            |       |     7 |    13 ||    20
       Potion            |       |     6 |     4 ||    10
Armor: Leather armour    |    11 |       |       ||    11
       Ring mail         |     9 |    57 |    70 ||   136
       Plate armour      |       |       |    58 ||    58
Dodge: Dodged            |    42 |    96 |   137 ||   275

Table legend: (Time is in decaauts)
 A = Elapsed time spent in this place.
 B = Non-inter-level travel time spent in this place.
 C = Inter-level travel time spent in this place.
 D = Time resting spent in this place.
 E = Time spent auto-exploring this place.
 F = Levels seen in this place.
 G = Mean time per level.
                   A        B        C        D        E       F      G
               +--------+--------+--------+--------+--------+-----+--------+
         Total |  11604 |  11297 |    307 |   5733 |   3898 |   8 | 1450.5 |
       Dungeon |  11604 |  11297 |    307 |   5733 |   3898 |   8 | 1450.5 |
               +--------+--------+--------+--------+--------+-----+--------+

Top non-repeatable levels by time:
     D:6: 2280 daAuts
     D:4: 2120 daAuts
     D:3: 1909 daAuts
     D:2: 1392 daAuts
     D:5: 1381 daAuts
     D:7: 1153 daAuts
     D:1: 939 daAuts
     D:8: 428 daAuts
